 Dungeon Sprint DCSS version 0.30.1-9-gdf580d7c3d (webtiles) character file.

Game seed: 4232403097618503174

717 Heoruswealwe the Spear-Bearer (level 7, 0/73 HPs)
             Began as a Minotaur Fighter on Oct 25, 2023.
             Was an Initiate of Gozag.
             Slain by an entropy weaver (shapeshifter) (3 damage)
             ... in the Dungeon (Sprint IX: "|||||||||||||||||||||||||||||").
             The game lasted 00:01:34 (344 turns).

Heoruswealwe the Spear-Bearer (Minotaur Fighter)     Turns: 344, Time: 00:01:34

Health: 0/73       AC:  8    Str: 22    XL:     7   Next: 42%
Magic:  6/6        EV:  9    Int:  5    God:    Gozag
Gold:   612        SH:  4    Dex: 10    Spells: 6/6 levels left

rFire   . . .        a - +0 trident
rCold   . . .        d - +0 buckler
rNeg    . . .        c - +0 scale mail
rPois   .            (helmet restricted)
rElec   .            (no cloak)
rCorr   .            (no gloves)
SInv    .            (no boots)
Will    .....        (no amulet) Stlth
                     (no ring)
HPRegen 0.32/turn    (no ring)
MPRegen 0.10/turn

%: no teleportation
@: no status effects
A: horns 2, retaliatory headbutt
a: Renounce Religion, Potion Petition, Call Merchant, Bribe Branch


You were in the Dungeon.
You worshipped Gozag.
Gozag was pleased with you.
You visited 1 branch You collected 612 gold pieces.

Inventory:

Hand Weapons
 a - a +0 trident (weapon)
Armour
 c - a +0 scale mail (worn)
 d - a +0 buckler (worn)
Jewellery
 k - a +2 ring of protection
 l - a +3 ring of intelligence
Wands
 h - a wand of quicksilver (10)
Scrolls
 j - 2 scrolls of blinking
Potions
 b - a potion of might
 e - 4 potions of curing
 f - 3 potions of heal wounds
 g - a potion of haste
 i - a potion of berserk rage


   Skills:
 + Level 10.4 Fighting
 * Level 13.8 Polearms
 + Level 10.4 Armour
 - Level 3.6 Shields


You had 6 spell levels left.
You didn't know any spells.
Your spell library was empty.

Dungeon Overview and Level Annotations

Branches:
Dungeon (1/1)

Altars:
Cheibriados
Dithmenos
Elyvilon
Fedhas
Gozag
Hepliaklqana
Kikubaaqudgha
Makhleb
Nemelex Xobeh
Okawaru
Qazlal
Ru
Sif Muna
Trog
Uskayaw
Vehumet
Wu Jian
Xom
Yredelemnul
Zin
The Shining One
Jiyva
Lugonu


Innate Abilities, Weirdness & Mutations

You have a pair of horns on your head.
You reflexively headbutt those who attack you in melee.


Message History

You closely miss the guardian serpent.
You feel very sick. The guardian serpent barely misses you.
You furiously retaliate!
You headbutt the guardian serpent!
The tengu warrior hits you from afar with a +0 bardiche of venom!
You are more poisoned.
You barely miss the guardian serpent.
The guardian serpent is moderately wounded.
You feel sick.
The guardian serpent hits you but does no damage.
You hit the guardian serpent.
The guardian serpent is moderately wounded.
You feel very sick.
You block the guardian serpent's attack.
The tengu warrior barely misses you.
You hit the guardian serpent but do no damage.
You headbutt the guardian serpent, but do no damage.
The guardian serpent is moderately wounded.
You feel sick.
The guardian serpent changes into an entropy weaver!
The tengu warrior hits you from afar with a +0 bardiche of venom.
You are more poisoned.
You feel better. The entropy weaver hits you!
The entropy weaver hits you but does no damage.
The entropy weaver hits you!
* * * LOW HITPOINT WARNING * * *
The entropy weaver hits you.
* * * LOW HITPOINT WARNING * * *
You block the tengu warrior's attack.
You hit the entropy weaver but do no damage.
You headbutt the entropy weaver, but do no damage.
You block the entropy weaver's attack.
The entropy weaver hits you but does no damage.
You block the entropy weaver's attack. The entropy weaver hits you!
* * * LOW HITPOINT WARNING * * *
You completely miss the entropy weaver. The tengu warrior closely misses you.
You hit the entropy weaver but do no damage.
The entropy weaver misses you. The entropy weaver hits you.
You die...
Your body crumbles into a pile of gold. ▓▓▓▓▓▓▓▓▓▓▓▓▓▓▓▓▓▓▓▓▓▓▓▓ '!?).[[[..'.)...@BQCcOc. ▓▓▓▓▓▓▓▓▓▓▓▓▓▓▓▓▓▓▓▓▓▓▓▓ $ $$$$$ $ $ $ $$$$$

You could see an entropy weaver shaped shifter, a tengu warrior, 2 centaur warriors, a two-headed ogre and a cyclops.

Vanquished Creatures
  A shadow (D)
  2 yaks (D)
  An ice beast (D)
  A centaur (D)
  A wight (D)
  A howler monkey (D)
  An ufetubus (D)
  A goblin (D)
  A hobgoblin (D)
  A jackal (D)
  4 quokkas (D)
  A bat (D)
16 creatures vanquished.

Notes
Turn   | Place    | Note
-------+----------+-------------------------------------------
     0 | D        | Heoruswealwe the Minotaur Fighter began the quest for the
                  | Orb.
     0 | D        | Reached XP level 1. HP: 19/19 MP: 0/0
     6 | D        | Reached skill level 3 in Polearms
    37 | D        | Noticed an ice beast
    41 | D        | Reached skill level 4 in Polearms
    50 | D        | Killed an ice beast
    51 | D        | Reached skill level 7 in Polearms
    51 | D        | Reached XP level 2. HP: 28/31 MP: 1/1
    51 | D        | Reached XP level 3. HP: 35/38 MP: 2/2
    51 | D        | Reached XP level 4. HP: 42/45 MP: 3/3
    56 | D        | Reached skill level 8 in Polearms
    62 | D        | Found a snail-covered altar of Cheibriados.
    62 | D        | Found a shadowy altar of Dithmenos.
    62 | D        | Found a white marble altar of Elyvilon.
    62 | D        | Found a blossoming altar of Fedhas.
    62 | D        | Found an opulent altar of Gozag.
    63 | D        | Found a hazy altar of Hepliaklqana.
    64 | D        | Found a viscous altar of Jiyva.
    65 | D        | Found an ancient bone altar of Kikubaaqudgha.
    66 | D        | Found a corrupted altar of Lugonu.
    67 | D        | Found a burning altar of Makhleb.
    68 | D        | Found a sparkling altar of Nemelex Xobeh.
    69 | D        | Found an iron altar of Okawaru.
    70 | D        | Became a worshipper of Gozag Ym Sagoz the Greedy
    71 | D        | Found a stormy altar of Qazlal.
    72 | D        | Found a sacrificial altar of Ru.
    73 | D        | Found a shimmering blue altar of Sif Muna.
    74 | D        | Found a bloodstained altar of Trog.
    75 | D        | Found a hide-covered altar of Uskayaw.
    76 | D        | Found a radiant altar of Vehumet.
    77 | D        | Found an ornate altar of the Wu Jian Council.
    78 | D        | Found a shimmering altar of Xom.
    79 | D        | Found a basalt altar of Yredelemnul.
    80 | D        | Found a glowing silver altar of Zin.
    81 | D        | Found a glowing golden altar of the Shining One.
   105 | D        | Noticed a yak
   105 | D        | Noticed a shadow
   105 | D        | Noticed a centaur
   105 | D        | Noticed a yak
   110 | D        | Reached XP level 5. HP: 45/52 MP: 4/4
   117 | D        | Killed a yak
   118 | D        | Reached skill level 11 in Polearms
   118 | D        | Reached XP level 6. HP: 40/62 MP: 5/5
   121 | D        | Killed a shadow
   122 | D        | Reached skill level 12 in Polearms
   127 | D        | Reached XP level 7. HP: 28/71 MP: 6/6
   131 | D        | Reached skill level 13 in Polearms
   142 | D        | Killed a yak
   143 | D        | Reached skill level 10 in Fighting
   143 | D        | Reached skill level 10 in Armour
   335 | D        | Noticed a guardian serpent
   335 | D        | Noticed a tengu warrior
   335 | D        | Noticed a cyclops
   335 | D        | Noticed a centaur warrior
   335 | D        | Noticed a two-headed ogre
   335 | D        | Noticed a centaur warrior
   340 | D        | a guardian serpent changed into an entropy weaver
   340 | D        | Noticed an entropy weaver (shapeshifter)
   342 | D        | HP: 3/73 [entropy weaver (shapeshifter) (7)]
   344 | D        | Slain by an entropy weaver (shapeshifter)

Illustrated notes

Levels and vault maps discovered:
D:        linesprint [early_d, line_temple, items_1, d_10, items_2, lair_1,
          lair_end, items_3, orc_1, orc_end, items_4, d_15, swamp_1, shoals_1,
          snake_1, spider_1, d_20, vaults_1, items_5, swamp_end, shoals_end,
          snake_end, spider_end, vaults_end, d_27, items_6, zot_1, zot_end,
          crypt_end, forest_end, elf_end, slime_end, tomb_end, abyss_end,
          pan_hell_end]

Skill      XL: |  1  2  3  4  5  6  7 |
---------------+----------------------+-----
Polearms       | 7 8 11 12 13 | 13.8
Fighting       | 6 7 8 9 10 | 10.4
Armour         | 6 7 8 9 10 | 10.4
Shields        | |  3.6

Action                     |  1- 3 |  4- 6 |  7- 9 || total
---------------------------+-------+-------+-------++-------
  Melee: Trident           |    27 |    24 |    24 ||    75
         Headbutt          |     4 |     6 |     7 ||    17
    Use: Potion            |       |       |     1 ||     1
 Armour: Scale mail        |     5 |     5 |     5 ||    15
  Dodge: Dodged            |    14 |    10 |     5 ||    29
  Block: Buckler           |     8 |     3 |     5 ||    16
